[Event "Team 45 45 League T48"]
[Site "Internet Chess Club"]
[Date "2011.03.05"]
[Round "4"]
[White "SidVicious"]
[Black "MeanMrMustard"]
[Result "0-1"]
[WhiteElo "1663"]
[BlackElo "1821"]
[Opening "French: Tarrasch, closed variation"]
[ECO "C05"]
[Time "16:03:19"]
[TimeControl "2700+45"]

1. e4 e6 2. d4 d5 3. Nd2 Nf6 4. e5 Nfd7 5. f4 c5 6. c3 Nc6 7. Ne2 cxd4 8. cxd4
Qb6 9. Nf3 Be7 10. g4 Qb4+ 11. Nc3 Nb6 12. a3 Qa5 13. Bd2 Nc4 14. Rb1 Nxd2 15.
Qxd2 a6 16. Bd3 h6 17. O-O b5 18. h4 Bd7 19. f5 Qb6 20. Ne2 Na5 21. Nf4 Nc4 22.
Qf2 Rc8 23. fxe6 Bxe6 24. Bf5 Bxf5 25. gxf5 Qb7 26. e6 Bf6 27. Rfe1 Nd6 28.
exf7+ Kxf7 29. Ng6 Rhe8 30. Nfe5+ Kg8 31. Ng4 Ne4 32. Nxf6+ Nxf6 33. Qf4 Ne4 34.
Rbc1 Rc4 35. Red1 Qb6 36. Qe3 Qf6 37. Rxc4 bxc4 38. Rf1 Rb8 39. Rb1 Rb3 40. Qe1
Qxd4+ 41. Kh2 Qd3 42. Nf4 Qf3 43. Ng2 Qxf5 44. Qe2 Rh3+ 45. Kg1 Ng3 {White
resigns} 0-1

[Event "Team 45 45 League T48"]
[Site "Internet Chess Club"]
[Date "2011.03.07"]
[Round "4"]
[White "ghostfire"]
[Black "bondguy01"]
[Result "1-0"]
[WhiteElo "1690"]
[BlackElo "1681"]
[Opening "Scotch: Schmidt variation"]
[ECO "C45"]
[Time "19:00:25"]
[TimeControl "2700+45"]

1. e4 e5 2. Nf3 Nc6 3. d4 exd4 4. Nxd4 Nf6 5. Nxc6 bxc6 6. Nc3 Bb4 7. Qd3 h6 8.
Bd2 O-O 9. Be2 d5 10. exd5 cxd5 11. a3 Bxc3 12. Bxc3 Ne4 13. O-O Bf5 14. Qd4
Nxc3 15. Qxc3 Qd6 16. Bd3 Bxd3 17. Qxd3 Rfe8 18. Rfe1 Rad8 19. Rad1 c6 20. h3
Re6 21. Qa6 Rd7 22. Rxe6 Qxe6 23. Kf1 c5 24. Qc8+ Kh7 25. Qxc5 Qe5 26. Qd4 Qh2
27. f3 Qc7 28. Qd3+ Kg8 29. Re1 Rd8 30. Qe2 Qb6 31. b4 Qc6 32. Qd3 Qc7 33. Rd1
Qg3 34. Qd4 Qg6 35. c4 Qa6 36. Rd3 {Black resigns} 1-0

[Event "Team 45 45 League T48"]
[Site "Internet Chess Club"]
[Date "2011.03.05"]
[Round "4"]
[White "Portola"]
[Black "Frankly"]
[Result "1-0"]
[WhiteElo "1802"]
[BlackElo "1820"]
[Opening "Queen's pawn game, Darooha variation "]
[ECO "D02"]
[Time "09:00:32"]
[TimeControl "2700+45"]

1. d4 d5 2. Nf3 Nf6 3. h3 c5 4. dxc5 Nc6 5. Bf4 Qa5+ 6. Nbd2 Qxc5 7. e3 g6 8.
Be2 Bg7 9. c3 O-O 10. O-O Re8 11. Ne5 Nh5 12. Nd3 Qb5 13. Bc7 Nd8 14. Bh2 Nf6
15. a4 Qc6 16. Ne5 Qe6 17. Ndf3 Nc6 18. Ng5 Qf5 19. Ngxf7 Nxe5 20. Nxe5 Ne4 21.
Bg4 Qg5 22. Qxd5+ e6 23. Qxe4 Rd8 24. Rfd1 Rf8 25. Bg3 Qe7 26. Rd2 a5 27. Rad1
Ra6 28. Nf3 h5 29. Bh4 Qe8 30. Rd8 Qc6 31. Rxf8+ Kxf8 32. Rd8+ {Black resigns}
1-0

[Event "Team 45 45 League T48"]
[Site "Internet Chess Club"]
[Date "2011.03.08"]
[Round "4"]
[White "upsan"]
[Black "Phosphorus"]
[Result "0-1"]
[WhiteElo "1780"]
[BlackElo "2107"]
[Opening "Sicilian"]
[ECO "B50"]
[Time "11:01:20"]
[TimeControl "2700+45"]

1. e4 c5 2. Nf3 d6 3. c4 Nc6 4. Nc3 g6 5. d3 Bg7 6. Be3 Nf6 7. Qd2 h6 8. h3 a6
9. Be2 Rb8 10. Rb1 e5 11. O-O Nd4 12. Nh2 g5 13. Kh1 b5 14. b3 Be6 15. Nd5 O-O
16. Nxf6+ Qxf6 17. Bg4 Qg6 18. Bxd4 cxd4 19. Bxe6 Qxe6 20. Nf3 f5 21. exf5 Rxf5
22. Qe2 Rf4 23. Nd2 Rbf8 24. Ne4 g4 25. g3 Rf3 26. h4 Kh8 27. Kg1 Qg6 28. a4 b4
29. Rbd1 a5 30. Rb1 Rd8 31. Rfd1 Bf8 32. Qd2 Be7 33. Rf1 Rdf8 34. Rbd1 Qh5 35.
Kg2 R8f5 36. Qe2 Qg6 37. Qd2 Rh5 38. Rh1 Kg7 39. Rdf1 Rhf5 40. Rd1 Qh5 41. Rdf1
Rf8 42. Rd1 Qf7 43. Rhf1 d5 44. cxd5 Qxd5 45. Qc2 R8f7 46. Kg1 Bd8 47. Qc8 h5
48. Rc1 Rxd3 49. Nc5 Rc3 50. Rxc3 bxc3 51. Ne6+ Kg8 52. Nxd8 Rf8 53. Qe6+ Qxe6
54. Nxe6 d3 55. Nc5 d2 56. Ne4 c2 57. Nxd2 Rd8 58. Rc1 Rxd2 59. Kg2 e4 60. b4
axb4 61. a5 b3 62. a6 Rd6 {White resigns} 0-1

[Event "Team 45 45 League T48"]
[Site "Internet Chess Club"]
[Date "2011.03.07"]
[Round "4"]
[White "MASTERCHEF"]
[Black "Mark-SF"]
[Result "0-1"]
[WhiteElo "1715"]
[BlackElo "1921"]
[Opening "Scotch gambit"]
[ECO "C44"]
[Time "22:02:31"]
[TimeControl "2700+45"]

1. e4 e5 2. Nf3 Nc6 3. d4 exd4 4. Bc4 Bc5 5. c3 dxc3 6. Bxf7+ Kxf7 7. Qd5+ Kf8
8. Qxc5+ Qe7 9. Qxe7+ Ngxe7 10. Nxc3 Nb4 11. Kd2 d5 12. a3 dxe4 13. Nxe4 Nbd5
14. Nd4 a6 15. Nc5 Nf5 16. Nde6+ Bxe6 17. Nxe6+ Kf7 18. Ng5+ Kg6 19. Nf3 Rhe8
20. Re1 Rxe1 21. Kxe1 Re8+ 22. Kf1 h6 23. Bd2 c6 24. Re1 Rxe1+ 25. Kxe1 Kf6 26.
Ke2 g5 27. Kd3 b5 28. Ke4 Ke6 29. g4 Nf6+ 30. Kd3 Nxg4 31. Ke2 c5 32. h3 Ne5 33.
Nh2 Nd4+ 34. Ke3 Nc4+ 35. Kd3 Nxb2+ 36. Ke4 Nc4 37. Bc1 Ne2 {White resigns} 0-1

[Event "Team 45 45 League T48"]
[Site "Internet Chess Club"]
[Date "2011.03.03"]
[Round "4"]
[White "quotha"]
[Black "Buford-Julep"]
[Result "0-1"]
[WhiteElo "1653"]
[BlackElo "1678"]
[Opening "French defense, Steiner variation"]
[ECO "C00"]
[Time "09:00:27"]
[TimeControl "2700+45"]

1. e4 e6 2. c4 d5 3. exd5 exd5 4. d4 Nf6 5. Nf3 Bb4+ 6. Bd2 Bxd2+ 7. Nbxd2 O-O
8. Be2 Re8 9. O-O h6 10. Rc1 Be6 11. c5 c6 12. Re1 Nbd7 13. b4 Qc7 14. a4 Bf5
15. Qb3 Ne4 16. b5 Re7 17. Nxe4 Bxe4 18. Nd2 Rae8 19. Bf3 Qf4 20. Bxe4 Qxd2 21.
Red1 Rxe4 22. Qh3 Qxd1+ {White resigns} 0-1